 Dungeon Crawl Stone Soup version 0.30-a0-924-g0ad0bf95bc (webtiles) character file.

Game seed: 7856250655497750597

22555 jimonade the Cruncher (level 13, 0/89 (103) HPs)
             Began as a Formicid Fighter on Mar 22, 2023.
             Was an Elder of the Shining One.
             Killed from afar by an ice dragon (9 damage)
             ... with a blast of cold
             ... in an ice cave.
             The game lasted 01:03:34 (17994 turns).

jimonade the Cruncher (Formicid Fighter)           Turns: 17994, Time: 01:03:35

HP:   0/89 (103)    AC: 18    Str: 23    XL:     13   Next: 28%
MP:   19/20         EV:  6    Int: 11    God:    the Shining One [****..]
Gold: 430           SH: 27    Dex: 13    Spells: 12/12 levels left

rFire   . . .      SeeInvis +    a - +0 quarterstaff
rCold   + + .      Faith    +    c - +0 tower shield
rNeg    + + .      Spirit   .    r - +1 chain mail {rPois}
rPois   +          Reflect  .    (helmet unavailable)
rElec   .          Rampage  .    p - +0 cloak
rCorr   .                        G - +1 pair of gloves
Will    +....                    H - +1 pair of boots Stlth
                                 P - amulet of faith
HPRegen 0.34/turn                Y - ring of protection from cold
MPRegen 0.17/turn                S - ring of Lucidity {Wiz rC+}

@: mighty, divinely shielded, glowing, heavily drained
A: permanent stasis, dig shafts and tunnels, antennae 3, four strong arms
a: Dig, Renounce Religion, Divine Shield, Cleansing Flame


You were in an ice cave.
You worshipped the Shining One.
The Shining One was greatly pleased with you.
You visited 3 branches of the dungeon, and saw 14 of its levels.
You also visited: Sewer, Ossuary and Ice Cave.

You collected 753 gold pieces.
You spent 323 gold pieces at shops.

Inventory:

Hand Weapons
 a - a +0 quarterstaff (weapon)
 m - a +0 dagger of venom
 M - a +2 dagger of electrocution
Missiles
 w - 10 javelins
 z - 5 throwing nets
 J - 17 poisoned darts (quivered)
 X - 6 curare-tipped darts
Armour
 c - a +0 tower shield (worn)
 p - a +0 cloak (worn)
 r - a +1 chain mail of poison resistance (worn)
 G - a +1 pair of gloves (worn)
 H - a +1 pair of boots (worn)
Jewellery
 f - a ring of flight
 q - a ring of willpower
 A - a +4 ring of protection
 D - a ring of poison resistance
 P - an amulet of faith (around neck)
 R - a ring of protection from fire
 S - the ring of Lucidity (right hand) {Wiz rC+}
   (You found it on level 11 of the Dungeon)

   [ring of wizardry]

   It improves your spell success rate.
   rC:        It protects you from cold.
 Y - a ring of protection from cold (left hand)
Wands
 x - a wand of polymorph (4)
 y - a wand of flame (13)
 B - a wand of charming (13)
 E - a wand of iceblast (6)
 I - a wand of mindburst (4)
 O - a wand of acid (3)
Scrolls
 b - 5 scrolls of fear
 h - a scroll of magic mapping
 i - 2 scrolls of torment {unknown}
 j - 3 scrolls of immolation
 l - 2 scrolls of vulnerability
 s - a scroll of enchant weapon {unknown}
 t - 2 scrolls of butterflies
 u - a scroll of enchant armour
 v - 2 scrolls of brand weapon {unknown}
 C - 2 scrolls of amnesia
 F - a scroll of noise {unknown}
 N - a scroll of identify
 Q - a scroll of poison
 U - 3 scrolls of fog {unknown}
Potions
 d - 2 potions of might
 e - a potion of ambrosia
 g - 9 potions of curing
 k - 2 potions of lignification
 n - 3 potions of flight
 o - 4 potions of heal wounds
 K - a potion of resistance
 L - a potion of attraction
 T - a potion of brilliance {unknown}
 W - 2 potions of mutation {unknown}
 Z - a potion of cancellation {unknown}


   Skills:
 + Level 9.9 Fighting
 + Level 13.5 Staves
 + Level 1.1 Throwing
 + Level 9.7 Armour
 + Level 11.6 Shields
 * Level 10.0 Invocations


You had 12 spell levels left.
You didn't know any spells.
Your spell library contained the following spells:

 Spells                   Type           Power      Damage    Failure   Level
 Apportation              Tloc           0%         N/A       94%         1
 Necrotise                Necr           0%         1d4       94%         1
 Sandblast                Erth           0%         2d4       94%         1
 Shock                    Conj/Air       0%         1d3       94%         1
 Summon Small Mammal      Summ           0%         N/A       94%         1
 Cigotuvi's Dreadful Rot  Necr/Pois/Air  0%         N/A       98%         2
 Passwall                 Tmut/Erth      0%         N/A       98%         2
 Sublimation of Blood     Necr           0%         N/A       98%         2
 Ignite Poison            Fire/Tmut/Pois 0%         N/A       100%        3
 Ozocubu's Armour         Ice            0%         N/A       100%        3
 Stone Arrow              Conj/Erth      0%         3d7       100%        3
 Vhi's Electric Charge    Tloc/Air       0%         N/A       100%        3
 Airstrike                Air            0%         2d(0-16)  100%        4
 Animate Armour           Summ/Erth      0%         N/A       100%        4
 Dispel Undead            Necr           0%         3d6       100%        4
 Petrify                  Tmut/Erth      0%         N/A       100%        4
 Sticky Flame             Conj/Fire      0%         2d3       100%        4
 Arcjolt                  Conj/Air       0%         1d10      100%        5
 Irradiate                Conj/Tmut      0%         3d11      100%        5
 Metabolic Englaciation   Hex/Ice        0%         N/A       100%        5
 Death Channel            Necr           0%         N/A       100%        6
 Simulacrum               Ice/Necr       0%         N/A       100%        6
 Ignition                 Fire           0%         3d3       100%        8
 Lehudib's Crystal Spear  Conj/Erth      0%         10d2      100%        8
 Maxwell's Capacitive Co  Air            0%         ∞         100%        8
 Swiftness                Air            Unusable   N/A       N/A         3

Dungeon Overview and Level Annotations

Branches:
Dungeon (12/15)            Temple (1/1) D:4            Lair (1/5) D:10
    Orc (0/2) D:12          Sewer (visited)         Ossuary (visited)
  IceCv (1/1)

Altars:
Ashenzari
Cheibriados
Dithmenos
Elyvilon
Fedhas
Gozag
Hepliaklqana
Kikubaaqudgha
Makhleb
Nemelex Xobeh
Okawaru
Qazlal
Ru
Sif Muna
Trog
Uskayaw
Vehumet
Wu Jian
Xom
Yredelemnul
Zin
The Shining One
Lugonu

Shops:
D:1 (   D:6 (   D:8 :   D:11 (   D:12 [

Annotations:
D:6 exclusion: electric eel


Innate Abilities, Weirdness & Mutations

You cannot be hasted, slowed, berserked, paralysed or teleported.
You can dig through walls and to a lower floor.
You have a pair of large antennae on your head. (SInv)
Your four strong arms can wield two-handed weapons with a shield.


Message History

You sock the ice dragon!
The ice dragon is moderately wounded.
You block the rime drake's attack.
You hit the ice dragon.
The ice dragon is moderately wounded.
The ice dragon barely misses you. The ice dragon claws you!
You block the ice dragon's attack.
You hit the ice dragon but do no damage.
The ice dragon is moderately wounded.
The ice encasing you melts away. You block the rime drake's attack.
The ice dragon breathes frost at you. The blast of cold hits you! You resist.
You hit the ice dragon but do no damage.
The ice dragon is moderately wounded.
You block the rime drake's attack.
The ice dragon bites you but does no damage.
The ice dragon claws you. You block the ice dragon's attack.
Okay, then.
You feel very mighty all of a sudden. The rime drake breathes ice at you.
The icy flash freeze hits you! You partially resist.
You are encased in ice.
The ice dragon bites you. You block the ice dragon's attack. x2
The rime drake bites you.
You hit the ice dragon.
The ice dragon is moderately wounded.
The ice dragon bites you!
* * * LOW HITPOINT WARNING * * *
You block the ice dragon's attack. The ice dragon tramples you!
* * * LOW HITPOINT WARNING * * *
You stumble backwards!
You thump the ice dragon!
The ice dragon is heavily wounded.
You thump the ice dragon!
The ice dragon is heavily wounded.
The ice encasing you melts away. The ice dragon breathes frost at you.
The blast of cold hits you! You resist.
You die...

##.###........#
#..# ##........
#.## #.......#
##.# ##.....##
#..# #.....#
#..# ##..###
##..# ##..
##..## #
###@.## #kD.##
###k### ##{#.{#
#..##.##
#...#..#
##{#...##
#..##### #...#


You could see an ice dragon (catching breath) and 2 rime drakes.

Vanquished Creatures
  Kirke (D:12)
  A boulder beetle (D:12)
  2 two-headed ogres (D:11)
  A deep troll earth mage (D:12)
  Amaemon (D:8)
  Pikel (D:3)
  A harpy (shapeshifter) (D:12)
  2 deep elf pyromancers
  A cyclops (D:12)
  2 manticores (D:11)
  2 ice statues (IceCv)
  Joseph (D:9)
  A cane toad (Lair:1)
  An orange demon (D:8)
  Psyche (D:11)
  A komodo dragon (D:10)
  5 kobold demonologists
  An unseen horror (D:12)
  A rime drake (IceCv)
  3 trolls
  3 slime creatures (D:12)
  2 wraiths
  Eustachio (D:3)
  3 shadows
  13 yaks
  4 hogs (D:12)
  A wyvern (D:7)
  Grum (D:9)
  2 vampire mosquitoes (D:10)
  2 steam dragons (D:8)
  4 wargs (D:12)
  An acid dragon (D:10)
  Duvessa (D:4)
  4 water moccasins
  A hornet zombie (D:8)
  3 sky beasts
  3 orc warriors
  Pargi (Sewer)
  2 ogres
  3 black bears
  5 centaurs
  3 wolves (D:9)
  2 lemures (D:3)
  A phantom (D:6)
  2 kobold brigands
  5 elf zombies
  3 bullfrogs
  2 gnoll sergeants
  4 scorpions
  Dowan (D:3)
  2 wights
  A lindwurm simulacrum (IceCv)
  3 killer bees (D:8)
  8 howler monkeys
  5 komodo dragon simulacra (IceCv)
  5 centaur zombies
  2 jellies (D:5)
  4 hounds (D:6)
  5 human zombies (Ossuary)
  8 orc priests
  2 sleepcaps
  2 human skeletons (D:8)
  3 gnoll boudas
  5 iguanas
  14 orc wizards
  A killer bee zombie (D:8)
  3 mummies (Ossuary)
  2 acid dragon simulacra (IceCv)
  10 adders
  28 gnolls
  4 white imps
  4 steam dragon simulacra (IceCv)
  2 ufetubi
  5 worms
  3 dart slugs
  43 orcs
  8 ball pythons
  6 endoplasms
  3 giant cockroaches
  6 goblins
  11 hobgoblins
  8 jackals
  5 quokkas
  8 bats
  3 frilled lizards (D:1)
  25 kobolds
  2 orc zombies (D:8)
  4 rats
  A bush (D:2)
377 creatures vanquished.

Vanquished Creatures (others)
  A human (D:12)
  An orc (D:12)
  5 demonic plants (D:11)
  50 fungi (D:10)
  33 plants
90 creatures vanquished.

Grand Total: 467 creatures vanquished

Notes
Turn   | Place    | Note
-------+----------+-------------------------------------------
     0 | D:1      | jimonade the Formicid Fighter began the quest for the Orb.
     0 | D:1      | Reached XP level 1. HP: 18/18 MP: 1/1
    32 | D:1      | Reached XP level 2. HP: 21/24 MP: 2/2
   106 | D:1      | Found Rac Osh's Weapon Boutique.
   208 | D:1      | Reached XP level 3. HP: 29/29 MP: 3/3
  1040 | D:2      | Reached XP level 4. HP: 29/37 MP: 4/4
  1188 | D:2      | Identified the +2 scale mail of Cheibriados's Reproof
                  | {SInv}
  1281 | D:2      | Reached skill level 3 in Staves
  1872 | D:3      | Found a glowing drain.
  1893 | D:3      | Reached XP level 5. HP: 39/42 MP: 5/5
  1943 | D:3      | Reached skill level 4 in Staves
  1956 | Sewer    | Entered a sewer
  2152 | Sewer    | Noticed Pargi
  2158 | Sewer    | Killed Pargi
  2159 | Sewer    | Reached skill level 5 in Shields
  2159 | Sewer    | Reached XP level 6. HP: 48/49 MP: 6/6
  2492 | D:3      | Found a faded altar of an unknown god.
  2554 | D:3      | Reached XP level 7. HP: 55/55 MP: 7/7
  2798 | D:3      | Reached skill level 5 in Staves
  3064 | D:3      | Found a bloodstained altar of Trog.
  3065 | D:3      | Found a shadowy altar of Dithmenos.
  3065 | D:3      | Found a hazy altar of Hepliaklqana.
  3065 | D:3      | Found an ancient bone altar of Kikubaaqudgha.
  3066 | D:3      | Found a sparkling altar of Nemelex Xobeh.
  3069 | D:3      | Found a shimmering blue altar of Sif Muna.
  3177 | D:4      | Noticed Eustachio
  3322 | D:3      | Killed Eustachio
  3323 | D:3      | Reached skill level 5 in Armour
  3497 | D:4      | Noticed Duvessa
  3497 | D:4      | Noticed Dowan
  3527 | D:4      | Killed Duvessa
  3528 | D:4      | Reached skill level 5 in Fighting
  3528 | D:4      | Reached skill level 6 in Staves
  3528 | D:4      | Reached XP level 8. HP: 29/62 MP: 8/8
  3669 | D:3      | Killed Dowan
  4167 | D:4      | Noticed Pikel
  4274 | D:3      | Killed Pikel
  4275 | D:3      | Reached skill level 7 in Staves
  4494 | D:4      | Found a staircase to the Ecumenical Temple.
  4510 | Temple   | Entered the Ecumenical Temple
  4553 | Temple   | Became a worshipper of the Shining One
  5023 | D:5      | Entered Level 5 of the Dungeon
  5120 | D:5      | Reached XP level 9. HP: 52/68 MP: 9/9
  5191 | D:5      | Identified the scarf of Lethargy {shadows, rC+}
  5251 | D:5      | Reached skill level 1 in Invocations
  5661 | D:5      | Reached skill level 8 in Staves
  5879 | D:5      | Reached * piety under the Shining One
  6066 | D:5      | Found a white marble altar of Elyvilon.
  6979 | D:6      | Reached skill level 9 in Staves
  7096 | D:6      | Reached XP level 10. HP: 76/77 MP: 13/13
  7138 | D:6      | Found Pikkyran's Weapon Boutique.
  9356 | D:8      | Reached skill level 5 in Invocations
  9387 | D:8      | Found a sand-covered staircase.
  9396 | Ossuary  | Entered an ossuary
  9469 | Ossuary  | Reached ** piety under the Shining One
  9478 | Ossuary  | Reached skill level 10 in Staves
  9847 | D:8      | Noticed an orange demon
  9869 | D:8      | Noticed Amaemon
  9902 | D:8      | Killed Amaemon
  9906 | D:8      | HP: 3/79 [orange demon[Amaemon] (9)]
  9909 | D:8      | Killed an orange demon
 10259 | D:8      | Reached XP level 11. HP: 78/85 MP: 11/15
 10585 | D:8      | Reached skill level 11 in Staves
 10764 | D:8      | Reached *** piety under the Shining One
 10979 | D:8      | Found Itunteath's Book Emporium.
 11020 | D:8      | Found an ornate altar of the Wu Jian Council.
 11361 | D:9      | Noticed Joseph
 11375 | D:9      | Killed Joseph
 11398 | D:9      | Noticed Grum
 11427 | D:9      | Killed Grum
 11993 | D:9      | Found a hide-covered altar of Uskayaw.
 12152 | D:10     | Entered Level 10 of the Dungeon
 12904 | D:10     | Found a staircase to the Lair.
 13051 | D:10     | Found a burning altar of Makhleb.
 13329 | D:11     | Found a corrupted altar of Lugonu.
 13374 | D:11     | Noticed Psyche
 13375 | D:11     | Noticed a manticore
 13384 | D:11     | Killed Psyche
 13385 | D:11     | Reached skill level 12 in Staves
 13385 | D:11     | Reached XP level 12. HP: 89/91 MP: 13/17
 13614 | D:11     | Identified the ring of Lucidity {Wiz rC+}
 13749 | D:11     | Found Riwkob's Weapon Boutique.
 14047 | D:11     | Noticed a two-headed ogre
 14061 | D:11     | Killed a two-headed ogre
 14062 | D:11     | Reached skill level 10 in Shields
 14169 | D:11     | Noticed a two-headed ogre
 14190 | D:11     | Killed a two-headed ogre
 14390 | D:11     | Reached skill level 1 in Throwing
 14624 | D:6      | Bought 5 curare-tipped darts for 90 gold pieces
 14885 | D:12     | Found Goasir's Armour Boutique.
 14895 | D:12     | Bought a +0 tower shield for 58 gold pieces
 14925 | D:12     | Bought a +1 chain mail of poison resistance for 175 gold
                  | pieces
 15108 | D:12     | Noticed Kirke
 15159 | D:12     | Killed Kirke
 15160 | D:12     | Reached skill level 13 in Staves
 15357 | D:12     | Found a staircase to the Orcish Mines.
 15404 | D:12     | Reached XP level 13. HP: 82/101 MP: 20/20
 15942 | D:12     | Found a runed translucent door.
 15962 | D:12     | Noticed a rakshasa
 16218 | Lair:1   | Entered Level 1 of the Lair of Beasts
 16338 | Lair:1   | Found a frozen archway.
 16342 | IceCv    | Entered an ice cave
 16424 | IceCv    | Reached **** piety under the Shining One
 17457 | IceCv    | Reached skill level 10 in Invocations
 17959 | IceCv    | Noticed an ice dragon
 17994 | IceCv    | Killed from afar by an ice dragon

Illustrated notes

Levels and vault maps discovered:
D:1:      dpeg_arrival_rooms_c, layout_loops_ring, serial_shops, shop_fountains
D:2:      layout_basic, chequers_serial_rivers_small_3, minivault_11,
          minmay_hedge_maze, mrwooster_statue_mirror, minmay_misc_feat_rows,
          minmay_randomly_rotated_circles
D:3:      layout_loops_ring, minitemple, basic_ecumenical_altar,
          cheibrodos_sewer_entry_drain, minmay_misc_feat_doors, st_stairs_1,
          grunt_decor_mini_mirrors
D:4:      layout_basic, minmay_temple_entry_overgrown, roderic_lattice_a,
          st_stairs_11, uniq_duvessa, uniq_eustachio, uniq_pikel
D:5:      layout_cave_pods, nicolae_overflow_crystal_walls,
          hangedman_minor_gate_pass
D:6:      minmay_general_purpose_star, layout_rooms, serial_shops,
          kennysheep_little_box, serial_bayou_pond_b, hangedman_decor_riveting,
          minmay_crossroads
D:7:      layout_loops_corners, lemuel_flamethrower_2
D:8:      layout_cave_pods, nicolae_wu_jian_immortal_techniques, serial_shops,
          nicolae_shop_behind_doors, serial_undead, serial_undead_b,
          serial_undead_c, serial_undead_d, serial_undead_e, serial_undead_e,
          nicolae_ossuary_entry_catacombs, uniq_amaemon
D:9:      layout_roguey, mainiacjoe_overflow_alcove_2, uniq_grum, uniq_joseph
D:10:     layout_rooms, lemuel_round_altar, due_lair_maze_entry_diamond
D:11:     kennysheep_kobold_lugonu_temple, layout_cave_pods, serial_shops,
          kennysheep_mini, uniq_psyche
D:12:     layout_rooms, minmay_orc_entry_guard_dogs, serial_shops, shop,
          minivault_13, uniq_kirke
Temple:   hellmonk_temple_two_chambers
Lair:1:   layout_hall_layers, enter_volcano_2, portal_ice_cave_entry_pillars_2,
          gammafunk_ghost_hive, grunt_megastairs_4, lemuel_fruit_fields,
          uniq_urug
IceCv:    ice_cave_small_dragons

Skill      XL: |  1  2  3  4  5  6  7  8  9 10 11 12 13 |
---------------+----------------------------------------+-----
Staves         | 3 4 6 7 9 10 12 13 | 13.5
Fighting       | 4 5 6 7 8 9 |  9.9
Armour         | 4 5 6 7 8 9 |  9.7
Shields        | 5 6 7 9 11 | 11.6
Invocations    | 4 6 7 9 10 | 10.0
Throwing       | 1 |  1.1

Action                     |  1- 3 |  4- 6 |  7- 9 | 10-12 | 13-15 || total
---------------------------+-------+-------+-------+-------+-------++-------
  Melee: Quarterstaff      |   102 |   239 |   384 |  1056 |   267 ||  2048
  Throw: Dart              |       |       |     3 |     8 |       ||    11
 Invoke: Divine Shield     |       |       |       |    23 |     6 ||    29
Ability: Dig               |       |       |     1 |     8 |     7 ||    16
    Use: Scroll            |       |       |     8 |    12 |     1 ||    21
         Potion            |       |       |       |     6 |     1 ||     7
 Armour: Scale mail        |    37 |    76 |   152 |   136 |       ||   401
         Chain mail        |       |       |       |   194 |    58 ||   252
  Dodge: Dodged            |    47 |    58 |   189 |   211 |    25 ||   530
  Block: Buckler           |    22 |    43 |    80 |   411 |       ||   556
         Tower shield      |       |       |       |   128 |   141 ||   269

Table legend: (Time is in decaauts)
 A = Elapsed time spent in this place.
 B = Non-inter-level travel time spent in this place.
 C = Inter-level travel time spent in this place.
 D = Time resting spent in this place.
 E = Time spent auto-exploring this place.
 F = Levels seen in this place.
 G = Mean time per level.
                   A        B        C        D        E       F      G
               +--------+--------+--------+--------+--------+-----+--------+
         Total |  17799 |  17031 |    768 |   4047 |   6792 |  17 | 1047.0 |
       Dungeon |  15360 |  14597 |    763 |   2603 |   6648 |  12 | 1280.0 |
        Temple |     49 |     44 |      5 |      0 |     10 |   1 |   49.0 |
          Lair |    120 |    120 |      0 |     68 |      1 |   1 |  120.0 |
         Sewer |    427 |    427 |      0 |    175 |    133 |   1 |  427.0 |
       Ossuary |    222 |    222 |      0 |      0 |      0 |   1 |  222.0 |
      Ice Cave |   1617 |   1617 |      0 |   1201 |      0 |   1 | 1617.0 |
               +--------+--------+--------+--------+--------+-----+--------+

Top non-repeatable levels by time:
     D:7: 1647 daAuts
   IceCv: 1617 daAuts
     D:8: 1544 daAuts
     D:5: 1489 daAuts
    D:11: 1472 daAuts
     D:3: 1464 daAuts
     D:9: 1408 daAuts
     D:4: 1362 daAuts
    D:12: 1213 daAuts
     D:6: 1186 daAuts
     D:2: 1055 daAuts
     D:1: 804 daAuts
    D:10: 712 daAuts
   Sewer: 427 daAuts
 Ossuary: 222 daAuts
